 Dungeon Crawl Stone Soup version 0.21.1-1-g345015fe64 (webtiles) character file.

1222 Holzbalken the Chiller (level 8, -5/52 HPs)
             Began as a Merfolk Ice Elementalist on July 14, 2018.
             Was an Initiate of Makhleb.
             Slain by a two-headed ogre
             ... wielding a +0 giant club
              (22 damage)
             ... on level 5 of the Dungeon.
             The game lasted 00:38:28 (7078 turns).

Holzbalken the Chiller (Merfolk Ice Elementalist)   Turns: 7078, Time: 00:38:29

Health: -5/52      AC: 14    Str:  8    XL:     8   Next: 47%
Magic:  12/15      EV: 15    Int: 15    God:    Makhleb [......]
Gold:   254        SH:  0    Dex: 16    Spells: 13/17 levels left

rFire    . . .     SeeInvis .   d - +0 spear
rCold    . . .     Gourm    +   (no shield)
rNeg     . . .     Faith    .   h - +0 leather armour
rPois    .         Spirit   .   u - +2 helmet
rElec    .         Reflect  .   (no cloak)
rCorr    +         Harm     .   m - +1 pair of gloves
MR       +....                  (no boots)
Stlth    ++........             k - amulet of the gourmand
HPRegen  0.17/turn              v - ring of protection from magic
MPRegen  0.14/turn              t - ring of resist corrosion

@: icy armour, slow
A: change form in water, swift swim, stealthy swim
a: Renounce Religion


You were on level 5 of the Dungeon.
You worshipped Makhleb.
Makhleb was noncommittal.
You were very full.

You visited 2 branches of the dungeon, and saw 7 of its levels.

You collected 254 gold pieces.

Inventory:

Hand Weapons
 d - a +0 spear (weapon)
Missiles
 x - 6 steel tomahawks (quivered)
Armour
 h - a +0 leather armour (worn)
 m - a +1 pair of gloves (worn)
 u - a +2 helmet (worn)
Jewellery
 k - an amulet of the gourmand (around neck)
 p - an uncursed ring of see invisible
 t - a ring of resist corrosion (right hand)
 v - a ring of protection from magic (left hand)
 C - a cursed ring of loudness {unknown}
Wands
 B - a wand of paralysis (14)
Scrolls
 e - 7 scrolls of identify
 j - a scroll of fog {unknown}
 l - a scroll of enchant armour
 o - a scroll of amnesia {unknown}
 s - a scroll of remove curse {unknown}
 F - a scroll of teleportation {unknown}
Potions
 a - a potion of invisibility {unknown}
 f - 2 potions of might {unknown}
 g - a potion of heal wounds
 i - a potion of brilliance {unknown}
 n - a potion of mutation {unknown}
 q - 3 potions of ambrosia
 r - a potion of cancellation {unknown}
 z - a potion of degeneration {unknown}
 A - 2 potions of lignification {unknown}
 D - a potion of flight {unknown}
 E - a potion of curing {unknown}
Books
 b - a book of Frost

   Spells                             Type                      Level
   a - Freeze                         Ice                          1
   b - Throw Frost                    Conjuration/Ice              2
   c - Ozocubu's Armour               Charms/Ice                   3
   d - Throw Icicle                   Conjuration/Ice              4
   e - Summon Ice Beast               Ice/Summoning                4
 y - a book of Conjurations

   Spells                             Type                      Level
   a - Magic Dart                     Conjuration                  1
   b - Searing Ray                    Conjuration                  2
   c - Dazzling Spray                 Conjuration/Hexes            3
   d - Fulminant Prism                Conjuration/Hexes            4
   e - Force Lance                    Conjuration/Translocation    4
   f - Iskenderun's Mystic Blast      Conjuration                  4
Comestibles
 c - 6 rations


   Skills:
 + Level 4.7 Polearms
 + Level 5.4 Dodging
 - Level 2.1 Stealth
 - Level 5.0 Spellcasting
   Level 0.7 Conjurations
 * Level 4.8 Charms
 * Level 6.4 Ice Magic


You had 13 spell levels left.
You knew the following spells:

 Your Spells              Type           Power        Failure   Level  Hunger
a - Freeze                Ice            ###.         1%          1    None
b - Ozocubu's Armour      Chrm/Ice       ###.....     7%          3    ###....


Dungeon Overview and Level Annotations

Branches:
Dungeon (6/15)             Temple (1/1) D:6

Altars:
Ashenzari
Cheibriados
Dithmenos
Elyvilon
Fedhas
Gozag
Hepliaklqana
Kikubaaqudgha
Makhleb
Nemelex Xobeh
Okawaru
Qazlal
Ru
Sif Muna
Trog
Uskayaw
Vehumet
Wu Jian
Xom
Yredelemnul
Zin
The Shining One


Message History

The two-headed ogre misses you.
There is a stone staircase leading down here.
You feel much better.
The two-headed ogre completely misses you.
The two-headed ogre hits you with a giant spiked club.
You feel much better.
Casting: Ozocubu's Armour
Confirm with . or Enter, or press ? or * to list all spells.
A film of ice covers your body! The two-headed ogre barely misses you.
The two-headed ogre hits you with a giant spiked club!
You hit the two-headed ogre but do no damage.
The two-headed ogre hits you with a giant club!
The two-headed ogre hits you with a giant spiked club.
You hit the two-headed ogre.
The two-headed ogre is lightly wounded.
You hit the two-headed ogre.
The two-headed ogre is lightly wounded.
The two-headed ogre misses you.
The two-headed ogre hits you with a giant spiked club!!
You die...

...##### #........# #####...
.......########........###......#
...###........#........##..>..###
...# #........####.#.......#####.
#.####...(.......................
#..<##.............#.############
###..................# #######
###.........###.#########..[...
#####.........#.@...........#####
................#O########### #
..................# #
............##...## #####
.............#.#.# ######....
...........#.#.#.#######......###
...........#.#.#.........########
...........#...#######..## #..
..........##..########..# #..


You could see a two-headed ogre.

Vanquished Creatures
  The ghost of cokecookie the Magician, a novice DEWz (D:4)
  An ice beast (D:5)
  2 centaurs (D:5)
  2 crimson imps
  A centaur zombie (D:5)
  A jelly (D:5)
  4 hounds
  A gnoll shaman (D:3)
  An orc wizard (D:4)
  An iguana (D:5)
  Natasha (thrice) (D:4)
  4 worker ants
  A hound zombie (D:5)
  A hound skeleton (D:4)
  4 gnolls
  8 adders
  An ooze (D:4)
  4 worms
  2 dart slugs
  3 leopard geckos
  7 orcs
  7 bats
  6 giant cockroaches
  3 goblins
  5 hobgoblins
  13 jackals
  4 quokkas
  3 ball pythons
  4 frilled lizards
  A jackal skeleton (D:5)
  7 kobolds
  5 rats
111 creatures vanquished.

Notes
Turn   | Place    | Note
-------+----------+-------------------------------------------
     0 | D:1      | Holzbalken the Merfolk Ice Elementalist began the quest for the Orb.
     0 | D:1      | Reached XP level 1. HP: 13/13 MP: 3/3
   279 | D:1      | Reached XP level 2. HP: 19/19 MP: 1/5
   344 | D:1      | Reached skill level 1 in Polearms
   682 | D:1      | Found a sparkling altar of Nemelex Xobeh.
   954 | D:1      | Reached XP level 3. HP: 11/24 MP: 1/6
   980 | D:1      | HP: 1/24 [poisoned by an adder]
  1556 | D:2      | Found a shattered altar of Ashenzari.
  1622 | D:2      | Learned a level 3 spell: Ozocubu's Armour
  1716 | D:2      | Reached skill level 4 in Ice Magic
  1716 | D:2      | Reached XP level 4. HP: 29/30 MP: 3/8
  1846 | D:2      | Found a faded altar of an unknown god.
  1876 | D:2      | Found a sacrificial altar of Ru.
  2588 | D:3      | Noticed a phantom
  2719 | D:3      | Reached skill level 1 in Charms
  3108 | D:4      | Reached XP level 5. HP: 35/35 MP: 5/9
  3170 | D:4      | Noticed Natasha
  3295 | D:4      | Noticed cokecookie's ghost (novice DEWz)
  4041 | D:4      | Found a radiant altar of Vehumet.
  4042 | D:4      | Found a snail-covered altar of Cheibriados.
  4081 | D:4      | Reached XP level 6. HP: 41/41 MP: 6/11
  4443 | D:4      | Found a glowing silver altar of Zin.
  4487 | D:4      | Killed Natasha
  4701 | D:4      | Noticed Natasha
  4704 | D:4      | Killed Natasha
  4793 | D:4      | Killed cokecookie's ghost
  4793 | D:4      | Reached skill level 5 in Ice Magic
  4793 | D:4      | Reached XP level 7. HP: 30/46 MP: 3/13
  5047 | D:4      | Noticed Natasha
  5060 | D:4      | Killed Natasha
  5627 | D:5      | Entered Level 5 of the Dungeon
  5863 | D:5      | Reached skill level 5 in Dodging
  5863 | D:5      | Reached XP level 8. HP: 42/52 MP: 10/15
  5907 | D:5      | Found a bloodstained altar of Trog.
  5916 | D:5      | Found a hazy altar of Hepliaklqana.
  5965 | D:5      | Reached skill level 6 in Ice Magic
  6381 | D:5      | Reached skill level 5 in Spellcasting
  6755 | D:6      | Found a staircase to the Ecumenical Temple.
  6755 | D:6      | Noticed a two-headed ogre
  6770 | Temple   | Entered the Ecumenical Temple
  6788 | Temple   | Became a worshipper of Makhleb the Destroyer
  7078 | D:5      | Slain by a two-headed ogre

Skill      XL: |  1  2  3  4  5  6  7  8 |
---------------+-------------------------+-----
Polearms       | 1 2 3 4 |  4.7
Dodging        | 3 4 5 |  5.4
Ice Magic      | 4 5 6 |  6.4
Spellcasting   | 3 4 5 |  5.0
Charms         | 1 2 3 4 |  4.8
Stealth        | |  2.1
Conjurations   | |  0.7

Action                   |  1- 3 |  4- 6 |  7- 9 || total
-------------------------+-------+-------+-------++-------
Melee: Spear             |    38 |    45 |    87 ||   170
 Cast: Freeze            |    52 |   115 |    88 ||   255
       Ozocubu's Armour  |       |       |     2 ||     2
  Use: Scroll            |       |     4 |     1 ||     5
       Potion            |       |       |     3 ||     3
 Stab: Sleeping          |     2 |     3 |     2 ||     7
       Distracted        |       |     1 |       ||     1
  Eat: Chunk             |     3 |    16 |    14 ||    33
Armor: Robe              |     3 |       |       ||     3
       Leather armour    |     8 |    31 |    34 ||    73
Dodge: Dodged            |    34 |    63 |   103 ||   200
